 Dungeon Crawl Stone Soup version 0.25.0-9-g26727b657a (webtiles) character file.

Game seed: 4623817482625397766

189 Delamore the Cudgeler (level 5, -4/32 HPs)
             Began as a Gargoyle Fighter on June 17, 2020.
             Slain by an ogre
             ... wielding a cursed -1 giant club
              (20 damage)
             ... on level 4 of the Dungeon.
             The game lasted 00:03:02 (2728 turns).

Delamore the Cudgeler (Gargoyle Fighter)            Turns: 2728, Time: 00:03:03

Health: -4/32      AC: 14    Str: 16    XL:     5   Next: 68%
Magic:  5/5        EV:  6    Int:  9    God:
Gold:   197        SH:  8    Dex:  9    Spells: 4/4 levels left

rFire    . . .     SeeInvis .   p - +3 mace (venom)
rCold    . . .     Gourm    .   c - +0 kite shield
rNeg     + . .     Faith    .   b - +0 scale mail
rPois    ∞         Spirit   .   q - +1 helmet
rElec    +         Reflect  .   g - +0 cloak
rCorr    .         Harm     .   (no gloves)
MR       .....                  (no boots)
Stlth    ..........             (no amulet)
HPRegen  0.10/turn              j - +4 ring of slaying
MPRegen  0.09/turn              w - -4 ring of strength (curse)

@: no status effects
A: negative energy resistance 1, electricity resistance, unbreathing,
petrification resistance, rot immunity, AC +4
a: no special abilities


You were on level 4 of the Dungeon.
You were not hungry.

You visited 1 branch of the dungeon, and saw 4 of its levels.

You collected 197 gold pieces.

Inventory:

Hand Weapons
 a - a +0 flail
 p - a +3 mace of venom (weapon)
Armour
 b - a +0 scale mail (worn)
 c - a +0 kite shield (worn)
 g - a +0 cloak (worn)
 q - a +1 helmet (worn)
Jewellery
 j - a +4 ring of slaying (left hand)
 t - an uncursed ring of ice
 w - a cursed -4 ring of strength (right hand)
Scrolls
 e - a scroll of enchant armour
 i - a scroll of immolation
 l - a scroll of teleportation
 m - 3 scrolls of identify
 n - a scroll of enchant weapon
 o - a scroll of magic mapping
 r - 2 scrolls of noise
Potions
 d - 2 potions of might
 h - 4 potions of curing {unknown}
 k - a potion of degeneration {unknown}
 s - a potion of mutation {unknown}
 v - a potion of brilliance {unknown}
 x - a potion of heal wounds {unknown}
Comestibles
 f - 9 rations
 u - 5 chunks of flesh


   Skills:
 - Level 3.2 Fighting
 + Level 5.7 Maces & Flails
 - Level 3.2 Armour
 - Level 3.2 Shields


You had 4 spell levels left.
You didn't know any spells.
Your spell library was empty.

Dungeon Overview and Level Annotations

Branches:
Dungeon (4/15)
 Temple: D:4-7

Altars:
Cheibriados
Hepliaklqana
Makhleb
Uskayaw
Zin
The Shining One

Shops:
D:4 *


Innate Abilities, Weirdness & Mutations

You are resistant to torment.
Your stone body is resilient. (AC +4)
You are immune to poison.
You resist negative energy. (rN+)
You are resistant to electric shocks. (rElec)
You can survive without breathing.
You are immune to petrification.
You are immune to rotting.


Message History

Quiver which item? (- for none, * to show all) (? for menu, Esc to quit)
Okay, then.
Okay, then.
Quiver which item? (- for none, * to show all) (? for menu, Esc to quit)
Okay, then.
You see here a ration.
You sock the ogre!
The ogre looks as sick as possible!
The ogre is heavily wounded.
You block the ogre's attack. You block the adder's attack.
You barely miss the ogre.
The ogre is heavily wounded.
The adder barely misses you.
The ogre hits you with a cursed -1 giant club!
Ouch! That really hurt!
You hit the ogre.
The ogre looks as sick as possible!
The ogre is severely wounded.
You block the adder's attack. The adder bites you but does no damage.
The ogre hits you with a cursed -1 giant club!!
Ouch! That really hurt!
You die...

.O.###..(..### .#.###.....#
.#.##......# .#.##......#
.#.##......# .#.##..#...#
##.##..#...#############
##..#..........S........
....#..........O@.....######## #
.....#.........######......#<#.#
.....#.........##### ###
#.#.#.## ....................
..###......#
#####..........#####
#.##.....#.. #..............#
#.#.....###. #..........###.#
#.#..∩.._⌠# ##>........#
#.###.#.....### #.........#
#.##.........#


You could see an ogre (extremely poisoned) and an adder.

Vanquished Creatures
  2 orc wizards (D:4)
  Crazy Yiuf (D:2)
  Terence (D:2)
  An adder (D:2)
  An ooze (D:2)
  2 dart slugs (D:1)
  2 leopard geckos
  3 orcs (D:4)
  2 giant cockroaches (D:2)
  6 goblins
  8 hobgoblins
  2 jackals (D:2)
  12 bats
  8 frilled lizards
  5 kobolds
  4 rats (D:1)
60 creatures vanquished.

Notes
Turn   | Place    | Note
-------+----------+-------------------------------------------
     0 | D:1      | Delamore the Gargoyle Fighter began the quest for the Orb.
     0 | D:1      | Reached XP level 1. HP: 14/14 MP: 1/1
   228 | D:1      | Reached XP level 2. HP: 19/19 MP: 2/2
   365 | D:1      | Reached skill level 3 in Maces & Flails
   542 | D:1      | Reached XP level 3. HP: 21/23 MP: 3/3
  1165 | D:2      | Noticed Terence
  1175 | D:2      | Killed Terence
  1175 | D:2      | Reached skill level 4 in Maces & Flails
  1175 | D:2      | Reached XP level 4. HP: 27/28 MP: 4/4
  1278 | D:2      | Found a hide-covered altar of Uskayaw.
  1532 | D:2      | Found a burning altar of Makhleb.
  1731 | D:2      | Found a runed translucent door.
  1732 | D:2      | Noticed Crazy Yiuf
  1940 | D:2      | Killed Crazy Yiuf
  1940 | D:2      | Reached skill level 5 in Maces & Flails
  1940 | D:2      | Reached XP level 5. HP: 26/32 MP: 5/5
  2130 | D:3      | Found a hazy altar of Hepliaklqana.
  2179 | D:3      | Found a snail-covered altar of Cheibriados.
  2342 | D:3      | Found a glowing golden altar of the Shining One.
  2509 | D:4      | Found a glowing silver altar of Zin.
  2509 | D:4      | Found Zin's Purification Station.
  2703 | D:4      | Noticed an ogre
  2728 | D:4      | Slain by an ogre

Illustrated notes

Levels and vault maps discovered:
D:1:      elethiomel_arrival_infinity_welcomes_careful_drivers,
          layout_loops_ring
D:2:      layout_loops_ring, bloody_makhleb, eat_drink_and_be_merry_uskayaw,
          minmay_fountain_box, uniq_crazy_yiuf_cottage, uniq_terence
D:3:      layout_rooms, overflow_temple_1_default, overflow_temple_1_default,
          minmay_hedge_maze, nicolae_tso_carved_into_rock
D:4:      layout_basic, okawaru_gym_becter, zin_purify, first_ration

Skill      XL: |  1  2  3  4 |
---------------+-------------+-----
Maces & Flails | 3 4 5 |  5.7
Fighting       | |  3.2
Armour         | |  3.2
Shields        | |  3.2

Action                   |  1- 3 |  4- 6 || total
-------------------------+-------+-------++-------
Melee: Flail             |   125 |    24 ||   149
       Mace              |       |    45 ||    45
  Use: Scroll            |       |     6 ||     6
  Eat: Chunk             |     1 |     5 ||     6
Armor: Scale mail        |    80 |    45 ||   125
Dodge: Dodged            |    53 |    27 ||    80
Block: Kite shield       |    81 |    56 ||   137
